 Dungeon Crawl Stone Soup version 0.26-a0-113-gd8a95b691d (webtiles) character file.

Game seed: 9677627112233120401

29790 Gargoyl the Cleaver (level 13, -5/105 HPs)
             Began as a Centaur Abyssal Knight on June 25, 2020.
             Was an Elder of Lugonu.
             Succumbed to a queen ant's poison
             ... on level 5 of the Lair of Beasts on June 26, 2020.
             The game lasted 00:34:12 (25875 turns).

Gargoyl the Cleaver (Centaur Abyssal Knight)       Turns: 25875, Time: 00:34:13

Health: -5/105     AC:  0    Str: 19    XL:     13   Next: 17%
Magic:  19/20      EV:  5    Int: 16    God:    Lugonu [****..]
Gold:   401        SH: 24    Dex: 10    Spells: 12/12 levels left

rFire    . . .     SeeInvis .   k - +2 broad axe (flame)
rCold    . . .     Faith    .   v - +4 tower shield
rNeg     . . .     Spirit   .   B - +1 chain mail of Fedhas's Benevolence {Int+2}
rPois    +         Reflect  +   x - +0 hat {Int+3}
rElec    .         Harm     .   (no cloak)
rCorr    .                      g - +2 pair of gloves
MR       .....                  (no barding)
Stlth    ..........             i - amulet of reflection
HPRegen  0.27/turn              t - ring of stealth
MPRegen  0.17/turn              p - ring of poison resistance

@: lethally poisoned (-5 -> -98), corroded, very quick
A: large, hooves 3, yellow scales 1, deformed body, speed 2, tough skin 3,
MP-powered wands
a: Depart the Abyss, Bend Space, Banish, Corrupt, Renounce Religion


You were on level 5 of the Lair of Beasts.
You worshipped Lugonu.
Lugonu was greatly pleased with you.
You were not hungry.

You visited 2 branches of the dungeon, and saw 14 of its levels.
You visited the Abyss 1 time.

You collected 401 gold pieces.

Inventory:

Hand Weapons
 k - a +2 broad axe of flaming (weapon)
 w - a +2 broad axe
Missiles
 E - 3 javelins (quivered)
Armour
 g - a +2 pair of gloves (worn)
 v - a +4 tower shield (worn)
 x - a +0 hat of intelligence (worn)
 B - the +1 chain mail of Fedhas's Benevolence (worn) {Int+2}
   (You found it on level 7 of the Dungeon)

   It affects your intelligence (+2).
Jewellery
 i - an amulet of reflection (around neck)
 p - a ring of poison resistance (right hand)
 t - a ring of stealth (left hand)
Wands
 q - a wand of paralysis (1)
 y - a wand of flame (23)
 z - a wand of disintegration (28)
 A - a wand of polymorph (7)
Scrolls
 b - 4 scrolls of teleportation
 d - a scroll of identify
 e - 8 scrolls of remove curse
 n - a scroll of fog
 u - 2 scrolls of magic mapping
 D - a scroll of noise {unknown}
Potions
 a - 2 potions of brilliance
 f - 3 potions of haste
 h - a potion of might
 j - 6 potions of curing
 l - 4 potions of lignification
 m - 2 potions of magic
 o - a potion of invisibility
 s - 3 potions of resistance
 C - a potion of flight
Comestibles
 c - 18 rations
 r - 3 chunks of flesh


   Skills:
 + Level 7.0 Fighting
 + Level 10.5 Axes
 + Level 1.1 Throwing
 * Level 8.7 Armour
 + Level 5.4 Dodging
 * Level 7.3 Shields
 * Level 10.4 Invocations
 + Level 1.0 Evocations


You had 12 spell levels left.
You didn't know any spells.
Your spell library contained the following spells:

 Spells                   Type           Power        Failure   Level  Hunger
 Freeze                   Ice            #...         100%        1    ##.....
 Magic Dart               Conj           #...         100%        1    ##.....
 Blink                    Tloc           N/A          100%        2    ###....
 Call Imp                 Summ           #.......     100%        2    ###....
 Searing Ray              Conj           #.....       100%        2    ###....
 Slow                     Hex            #.......     100%        2    ###....
 Conjure Flame            Conj/Fire      #.......     100%        3    ####...
 Dazzling Flash           Conj/Hex       #.....       100%        3    ####...
 Frozen Ramparts          Ice            #.....       100%        3    ####...
 Mephitic Cloud           Conj/Pois/Air  #.......     100%        3    ####...
 Ozocubu's Armour         Chrm/Ice       #.......     100%        3    ####...
 Fulminant Prism          Conj/Hex       #.........   100%        4    #####..
 Hailstorm                Conj/Ice       #.......     100%        4    #####..
 Iskenderun's Mystic Bla  Conj/Tloc      #.......     100%        4    #####..
 Summon Ice Beast         Ice/Summ       #.......     100%        4    #####..


Dungeon Overview and Level Annotations

Branches:
Dungeon (9/15)             Temple (0/1) D:6            Lair (5/6) D:9
 Shoals (0/4) Lair:3       Spider (0/4) Lair:3
  Slime: Lair:5-6       Orc: D:9-12

Altars:
Elyvilon
Hepliaklqana
Nemelex Xobeh
Okawaru
Qazlal
Sif Muna
Trog
Vehumet
Wu Jian
Yredelemnul
Zin
The Shining One

Shops:
D:8 :

Annotations:
D:9 corrupted
Abyss:1 Maurice


Innate Abilities, Weirdness & Mutations

You have hooves in place of feet.
Armour fits poorly on your strangely shaped body.
You cover ground very quickly.
You have extremely tough skin. (AC +3)
You are partially covered in yellow scales. (AC +2)
You expend magic power (3 MP) to strengthen your wands.


Message History

You block the soldier ant's attack.
The soldier ant waves its antennae.
The soldier ant barely misses you. The queen ant stings you!
* * * LOW HITPOINT WARNING * * *
You hit the queen ant. You burn the queen ant.
You kick the queen ant, but do no damage.
The queen ant is almost dead.
You hit the soldier ant but do no damage.
You hit the soldier ant. You burn the soldier ant.
* * * LOW HITPOINT WARNING * * *
You feel sick. You block the soldier ant's attack. x2
The queen ant stings you!
* * * LOW HITPOINT WARNING * * *
You are more poisoned.
The queen ant poisons you!
The entropy weaver mumbles some strange words.
The entropic weave corrodes you!
Okay, then.
Space bends around you!
You blink.
You die...

#.#........##..†..P≈≈≈≈....
P.P........###.†...≈≈≈≈....
.....(....#.......≈≈≈≈....
#......P###....#.#≈≈..##
#.†...####....##......#
#a§....#.#......#...###
aaaaaa#aa.>....####.##.....#
.aaaa##a......## ##........
..aa #.....@...# #.....##.
..a ##a......## ##.##.....
#. #......)# #......... #
#..P#P...# ##..#......
#...###.P.## #.....⌠.⌠..
...[ ###....#..#.......
....... #..#.+..#...>...
....P..# ##.#.......[.....
.......P###........#..⌠.⌠..


You could see a queen ant, an entropy weaver and 3 soldier ants.

Vanquished Creatures
  Gastronok (Lair:1)
  A great orb of eyes (D:9)
  2 hydras
  Harold (Lair:1)
  A catoblepas (Lair:4)
  3 death yaks (Lair:4)
  A two-headed ogre (D:9)
  A black mamba (Lair:3)
  5 elephants
  3 komodo dragons
  A rime drake (Lair:3)
  5 spiny frogs
  A jumping spider (Lair:3)
  A troll (D:9)
  A polar bear (Lair:3)
  14 blink frogs
  4 slime creatures (D:9)
  3 hippogriffs
  Sigmund (D:2)
  A wyvern (Lair:3)
  A wraith (D:8)
  3 basilisks
  11 yaks
  A steam dragon (D:8)
  Grum (D:8)
  7 soldier ants (Lair:5)
  7 water moccasins
  7 porcupines
  4 orc warriors
  2 ice beasts
  2 necrophages
  2 sky beasts (D:8)
  2 phantoms
  16 wolves
  3 centaurs
  4 ogres
  8 crocodiles
  A big kobold (D:6)
  8 bullfrogs
  A gnoll sergeant (D:9)
  3 scorpions
  A killer bee (D:9)
  5 wights (D:8)
  3 howler monkeys
  2 electric eels (Lair:3)
  A bullfrog zombie (D:5)
  A centaur zombie (D:8)
  4 crimson imps
  A lava snake (Lair:3)
  3 jellies
  A quasit (D:7)
  2 bullfrog skeletons (D:6)
  4 hounds
  9 orc priests
  4 orc wizards
  4 iguanas
  17 worker ants
  5 hell rats
  3 hound zombies
  A hound skeleton (D:7)
  A worker ant zombie (D:6)
  4 adders
  15 gnolls
  2 oozes
  2 adder skeletons
  5 worms
  3 dart slugs (D:1)
  A leopard gecko (D:1)
  26 orcs
  2 ball pythons
  4 giant cockroaches
  4 goblins
  3 hobgoblins
  16 jackals
  12 kobolds
  A quokka (D:6)
  5 bats
  3 frilled lizards
  A giant cockroach zombie (D:6)
  A jackal skeleton (D:6)
  2 quokka zombies (D:5)
  10 rats
  A butterfly (Lair:2)
  5 fungi
345 creatures vanquished.

Vanquished Creatures (others)
  A death yak (Lair:4)
  An unseen horror (D:7)
  A deep elf mage (D:9)
  A black mamba (Lair:1)
  A spiny frog (D:9)
  A hippogriff (D:9)
  2 killer bees (D:9)
  An electric eel (D:7)
  A hound (D:9)
  An orc wizard (D:9)
  A gnoll (D:7)
  2 orcs (D:9)
  A fire vortex (Lair:3)
15 creatures vanquished.

Grand Total: 360 creatures vanquished

Notes
Turn   | Place    | Note
-------+----------+-------------------------------------------
     0 | Abyss:1  | Gargoyl the Centaur Abyssal Knight began the quest for the
                  | Orb.
     0 | Abyss:1  | Reached XP level 1. HP: 19/19 MP: 2/2
    53 | Abyss:1  | Noticed a starcursed mass
    66 | Abyss:1  | Noticed a small abomination
   106 | Abyss:1  | Noticed a smoke demon
   122 | Abyss:1  | Gained mutation: Your magical capacity is low. (-10% MP)
                  | [potion of mutation]
   122 | Abyss:1  | Gained mutation: You are partially covered in yellow
                  | scales. (AC +2) [potion of mutation]
   122 | Abyss:1  | Lost mutation: Your magical capacity is low. (-10% MP)
                  | [potion of mutation]
   122 | Abyss:1  | Gained mutation: You expend magic power (3 MP) to
                  | strengthen your wands. [potion of mutation]
   200 | Abyss:1  | Noticed a small abomination
   325 | Abyss:1  | Noticed an Executioner
   359 | Abyss:1  | Noticed a small abomination
   366 | Abyss:1  | Noticed a small abomination
   367 | Abyss:1  | Noticed a small abomination
   384 | Abyss:1  | Noticed a sixfirhy
   385 | Abyss:1  | Noticed a fire bat
   389 | D:1      | Escaped the Abyss
   523 | D:1      | Reached XP level 2. HP: 26/26 MP: 3/3
   630 | D:1      | Reached skill level 1 in Dodging
  1175 | D:1      | Reached * piety under Lugonu
  1178 | D:1      | Reached XP level 3. HP: 31/31 MP: 4/4
  1718 | D:2      | Noticed Sigmund
  2139 | D:2      | Found a hazy altar of Hepliaklqana.
  2280 | D:2      | Reached XP level 4. HP: 21/38 MP: 5/5
  2521 | D:2      | Found an iron altar of Okawaru.
  2592 | D:2      | Found a sparkling altar of Nemelex Xobeh.
  3272 | D:3      | Noticed a moth of wrath
  3275 | D:3      | Found a bloodstained altar of Trog.
  3293 | D:3      | Reached ** piety under Lugonu
  3529 | D:4      | Noticed an ogre
  3538 | D:4      | Killed an ogre
  3538 | D:4      | Reached XP level 5. HP: 10/45 MP: 7/7
  4074 | D:4      | Reached XP level 6. HP: 51/51 MP: 8/8
  4489 | D:4      | Found a stormy altar of Qazlal.
  4643 | D:5      | Entered Level 5 of the Dungeon
  4953 | D:5      | Reached XP level 7. HP: 10/57 MP: 2/9
  6370 | D:2      | Killed Sigmund
  6540 | D:2      | Reached XP level 8. HP: 25/66 MP: 11/11
  7316 | D:6      | Reached *** piety under Lugonu
  7316 | D:6      | Reached skill level 5 in Axes
  7606 | D:6      | Reached skill level 5 in Invocations
  8090 | D:6      | Found a glowing silver altar of Zin.
  8090 | D:6      | Noticed an angel
  8268 | D:6      | Found a staircase to the Ecumenical Temple.
  8398 | D:6      | Found a shimmering blue altar of Sif Muna.
  8513 | D:7      | Banished an unseen horror
  8513 | D:7      | Reached skill level 5 in Armour
  8645 | D:7      | Reached XP level 9. HP: 66/72 MP: 13/13
  9302 | D:7      | Found a radiant altar of Vehumet.
 10033 | D:7      | Reached skill level 5 in Fighting
 10553 | D:7      | Got a spiked chain mail
 10564 | D:7      | Identified the cursed +1 chain mail of Fedhas's Benevolence
                  | {Int+2} (You found it on level 7 of the Dungeon)
 11073 | D:8      | Reached skill level 1 in Shields
 11472 | D:8      | Found a white marble altar of Elyvilon.
 11494 | D:8      | Noticed Maurice
 11536 | D:8      | Banished Maurice
 11968 | D:8      | Found a basalt altar of Yredelemnul.
 12036 | D:8      | Reached XP level 10. HP: 81/81 MP: 14/14
 12102 | D:8      | Noticed Grum
 12410 | D:8      | Killed Grum
 12637 | D:8      | Found an ornate altar of the Wu Jian Council.
 12655 | D:8      | Found Coxadoess's Book Emporium.
 13004 | D:9      | Found a glowing golden altar of the Shining One.
 13264 | D:9      | Found a staircase to the Lair.
 13313 | D:9      | Reached **** piety under Lugonu
 13362 | D:9      | Noticed a deep elf mage
 13377 | D:9      | Corrupted D:9
 13377 | D:9      | Noticed a green very ugly thing
 13377 | D:9      | Noticed a starcursed mass
 13377 | D:9      | Noticed a worldbinder
 13379 | D:9      | Noticed a spiny frog
 13379 | D:9      | Noticed a spatial maelstrom
 13383 | D:9      | Killed a deep elf mage
 13412 | D:9      | Noticed a large abomination
 13414 | D:9      | Noticed a sixfirhy
 13782 | D:9      | Found a transporter.
 13796 | D:9      | Noticed a great orb of eyes
 14330 | D:9      | Noticed a two-headed ogre
 14340 | D:9      | Killed a two-headed ogre
 14653 | D:9      | Found a transporter.
 14948 | D:9      | HP: 3/82 [slime creature (15)]
 15586 | D:9      | Reached skill level 5 in Dodging
 15861 | D:9      | Paralysed by a great orb of eyes for 2 turns
 15872 | D:9      | Paralysed by a great orb of eyes for 5 turns
 15896 | D:9      | Killed a great orb of eyes
 15896 | D:9      | Reached XP level 11. HP: 40/89 MP: 16/16
 16387 | Lair:1   | Entered Level 1 of the Lair of Beasts
 16496 | Lair:1   | Noticed Harold
 16822 | Lair:1   | Killed Harold
 16879 | Lair:1   | Noticed Gastronok
 17223 | Lair:1   | Killed Gastronok
 17320 | Lair:1   | Noticed an eight-headed hydra
 18024 | Lair:1   | Killed a one-headed hydra
 18645 | Lair:1   | Reached skill level 1 in Throwing
 19556 | Lair:2   | Reached skill level 5 in Shields
 19560 | Lair:2   | Reached XP level 12. HP: 86/97 MP: 18/18
 19781 | Lair:2   | HP: 2/97 [yak (10)]
 21032 | Lair:3   | Found a staircase to the Shoals.
 21493 | Lair:3   | Found a hole to the Spider Nest.
 22534 | Lair:4   | Reached skill level 10 in Axes
 22534 | Lair:4   | Reached skill level 1 in Evocations
 23574 | Lair:5   | Noticed a catoblepas
 23599 | Lair:5   | Noticed a death yak
 23599 | Lair:5   | Noticed a four-headed hydra
 23600 | Lair:5   | Noticed a death yak
 23600 | Lair:5   | Noticed a death yak
 23600 | Lair:5   | Noticed a death yak
 23698 | Lair:4   | Banished a death yak
 23925 | Lair:5   | Killed a one-headed hydra
 23925 | Lair:5   | Reached skill level 10 in Invocations
 24008 | Lair:4   | Killed a death yak
 24320 | Lair:4   | Killed a death yak
 24338 | Lair:4   | Killed a death yak
 24758 | Lair:5   | Reached XP level 13. HP: 46/104 MP: 20/20
 25864 | Lair:5   | Noticed an entropy weaver
 25869 | Lair:5   | Noticed an entropy weaver
 25874 | Lair:5   | HP: 5/105 [queen ant (16)]
 25875 | Lair:5   | Succumbed to a queen ant's poison

Illustrated notes

Levels and vault maps discovered:
D:1:      dpeg_arrival_fog, layout_loops_corners
D:2:      layout_loops_corners, nicolae_overflow_hidden_temple,
          grunt_temple_overflow_open, serial_forest,
          infiniplex_forest_straight_3, infiniplex_forest_lined_3,
          infiniplex_forest_end_2, infiniplex_forest_end_1,
          infiniplex_forest_clump_diagonal, infiniplex_forest_clump_small,
          infiniplex_forest_lined_room_2, uniq_sigmund
D:3:      layout_loops_ring, tgw_trog
D:4:      layout_loops_ring, nicolae_qazlal_eye_of_the_storm, first_ration
D:5:      minmay_bubble_buster, layout_basic
D:6:      minmay_inner_zag, layout_rooms, zin_angel,
          lemuel_coloured_pillars_altar, minmay_temple_entry_offerings,
          minmay_door_square
D:7:      cheibrodos_helix_gallery, layout_rooms, overflow_temple_1_default
D:8:      layout_basic, kennysheep_ying_yang, kennysheep_little_box,
          serial_shops, shop, uniq_maurice, uniq_grum
D:9:      gammafunk_jiyva_shrine, layout_irregular_city,
          nicolae_tso_carved_into_rock, dpeg_oklobed_lair
Lair:1:   layout_hall_layers, grunt_megastairs_4, uniq_harold, uniq_gastronok
Lair:2:   layout_regular_city, chequers_serial_rivers_micro_e,
          lemuel_fruit_fields
Lair:3:   layout_gridlike, elwin_shoals_entry_rocks, spider_nest_entry_rubble,
          nicolae_quartered_pool_super
Lair:4:   layout_small_grid
Lair:5:   layout_gridlike, special_room [special_room_bee], minivault_29,
          grunt_megastairs_2

Skill      XL: |  1  2  3  4  5  6  7  8  9 10 11 12 13 |
---------------+----------------------------------------+-----
Dodging        | 1 2 3 4 5 |  5.4
Axes           | 2 3 4 5 7 8 9 10 | 10.5
Armour         | 2 3 4 5 6 7 8 |  8.7
Invocations    | 3 4 5 6 7 8 10 | 10.4
Fighting       | 4 5 6 7 |  7.0
Shields        | 1 2 5 6 7 |  7.3
Throwing       | 1 |  1.1
Evocations     | 1 |  1.0

Action                   |  1- 3 |  4- 6 |  7- 9 | 10-12 | 13-15 || total
-------------------------+-------+-------+-------+-------+-------++-------
Melee: Hand axe          |   124 |   130 |   233 |       |       ||   487
       Kick              |    18 |    43 |   104 |   216 |    43 ||   424
       Broad axe         |       |       |   234 |   818 |   115 ||  1167
Throw: Javelin           |       |       |     1 |    26 |       ||    27
Invok: Depart the Abyss  |     1 |       |       |       |       ||     1
       Banish            |       |       |     4 |     9 |       ||    13
       Bend Space        |       |       |     1 |     8 |     1 ||    10
       Corrupt           |       |       |       |     1 |       ||     1
Evoke: Wand              |       |     2 |     1 |    13 |       ||    16
  Use: Scroll            |     5 |     6 |    16 |     8 |       ||    35
       Potion            |     2 |       |     1 |     5 |       ||     8
 Stab: Paralysed         |       |     2 |     7 |    18 |       ||    27
       Distracted        |       |       |       |     1 |       ||     1
       Petrified         |       |       |       |       |     9 ||     9
  Eat: Chunk             |     3 |     7 |    16 |    17 |     2 ||    45
       Ration            |       |       |     2 |     7 |       ||     9
Armor: Leather armour    |    15 |       |       |       |       ||    15
       Ring mail         |    39 |    49 |       |       |       ||    88
       Chain mail        |       |     3 |   248 |   380 |    70 ||   701
       Plate armour      |       |       |    96 |       |       ||    96
Dodge: Dodged            |    68 |    38 |   106 |    74 |    15 ||   301
Block: Other             |     9 |    35 |    84 |       |       ||   128
       Reflection        |       |       |     4 |     7 |       ||    11
       Tower shield      |       |       |   115 |  1101 |   136 ||  1352

Table legend:
 A = Non-vault XP
 B = Vault XP
 C = Vault XP percentage of total XP
 D = Non-vault monster count
 E = Vault monster count
 F = Vault count percentage of total count
                 A         B        C        D         E       F
            +---------+---------+-------+---------+---------+-------
      Total |   32353 |   10205 |  24.0 |     297 |      51 |  14.7
            +---------+---------+-------+---------+---------+-------
        D:1 |      75 |       0 |   0.0 |      32 |       0 |   0.0
        D:2 |     102 |     227 |  69.0 |      17 |       1 |   5.6
        D:3 |      34 |      13 |  27.7 |      11 |       5 |  31.2
        D:4 |     351 |       0 |   0.0 |       9 |       0 |   0.0
        D:5 |     567 |      66 |  10.4 |      16 |       6 |  27.3
        D:6 |    1108 |     131 |  10.6 |      22 |       3 |  12.0
        D:7 |    1801 |      18 |   1.0 |      38 |       1 |   2.6
        D:8 |    1273 |    1006 |  44.1 |      17 |       6 |  26.1
        D:9 |    4436 |    1051 |  19.2 |      40 |       1 |   2.4
     Lair:1 |    3209 |    5171 |  61.7 |      21 |       8 |  27.6
     Lair:2 |    4114 |       0 |   0.0 |      23 |       0 |   0.0
     Lair:3 |    2981 |     301 |   9.2 |      15 |       1 |   6.2
     Lair:4 |    8308 |     434 |   5.0 |      22 |       3 |  12.0
     Lair:5 |    3994 |    1787 |  30.9 |      14 |      16 |  53.3
            +---------+---------+-------+---------+---------+-------
